 Dungeon Crawl Stone Soup version 0.28.0-62-gf88900778d (webtiles) character file.

Game seed: 9276644292890687382

173 cbfl8 the Skirmisher (level 5, -6/41 HPs)
             Began as a Demonspawn Fighter on Mar 21, 2024.
             Killed by divine providence
             ... invoked by an orc priest
              (17 damage)
             ... on level 3 of the Dungeon.
             The game lasted 00:03:24 (2246 turns).

cbfl8 the Skirmisher (Demonspawn Fighter)           Turns: 2246, Time: 00:03:25

Health: -6/41      AC:  9    Str: 16    XL:     5   Next: 28%
Magic:  5/5        EV:  6    Int: 10    God:
Gold:   88         SH:  9    Dex: 14    Spells: 4/4 levels left

rFire   + . .      SeeInvis .   a - +0 war axe
rCold   + . .      Faith    .   c - +0 buckler
rNeg    . . .      Spirit   .   l - +0 chain mail
rPois   .          Reflect  .   (no helmet)
rElec   .          Harm     .   k - scarf {rC+ rF+}
rCorr   .          Rampage  .   (no gloves)
Will    .....                   (no boots)
Stlth   ..........              b - amulet of regeneration
HPRegen 0.93/turn               (no ring)
MPRegen 0.09/turn               (no ring)

@: studying Dodging
A: powered by pain 1, condensation shield, demonic touch 1
a: no special abilities


You were on level 3 of the Dungeon.
You visited 1 branch of the dungeon, and saw 3 of its levels.

You collected 88 gold pieces.

Inventory:

Hand Weapons
 a - a +0 war axe (weapon)
Armour
 c - a +0 buckler (worn)
 k - a scarf of resistance (worn)
 l - a +0 chain mail (worn)
Jewellery
 b - an amulet of regeneration (around neck)
Scrolls
 e - a scroll of fear {unknown}
 g - 2 scrolls of identify {unknown}
 i - a scroll of blinking {unknown}
Potions
 d - a potion of might
 f - 2 potions of heal wounds {unknown}
 h - a potion of lignification {unknown}
 j - a potion of attraction {unknown}


   Skills:
 + Level 3.5 Fighting
 + Level 3.3 Axes
 + Level 3.2 Armour
 + Level 3.2 Shields
 * Level 1.9 Evocations


You had 4 spell levels left.
You didn't know any spells.
Your spell library contained the following spells:

 Spells                   Type           Power      Damage    Failure   Level
 Slow                     Hex            0%         N/A       100%        1
 Confusing Touch          Hex            0%         N/A       100%        3
 Vampiric Draining        Necr           0%         2d6       100%        3


Dungeon Overview and Level Annotations

Branches:
Dungeon (3/15)

Altars:


Innate Abilities, Weirdness & Mutations

You sometimes gain a little power by taking damage.
A meltable shield of frost defends you. (SH +4)
Your touch may inflict minor irresistible damage on your foes.


Message History

You hit the orc priest.
The orc priest is heavily wounded.
The orc priest hits you with a +0 war axe.
Unknown command.
You closely miss the orc priest.
The orc priest is heavily wounded.
The orc priest barely misses you.
The orc priest hits you with a +0 war axe.
Unknown command.
Unknown command.
You closely miss the orc priest.
The orc priest is heavily wounded.
The orc priest hits you with a +0 war axe.
Unknown command.
You closely miss the orc priest.
The orc priest is heavily wounded.
You block the orc priest's attack.
The orc priest mumbles some strange prayers to Beogh against you.
Beogh smites you!
Unknown command.
You are too injured to fight recklessly!
Unknown command.
You are too injured to fight recklessly!
You are too injured to fight recklessly!
You are too injured to fight recklessly!
You are too injured to fight recklessly!
You hit the orc priest.
The orc priest is severely wounded.
The orc priest completely misses you.
You hit the orc priest but do no damage.
The orc priest is severely wounded.
The orc priest hits you but does no damage.
You hit the orc priest but do no damage.
The orc priest is severely wounded.
The orc priest invokes the aid of Beogh against you.
Beogh smites you!
* * * LOW HITPOINT WARNING * * *
The orc priest invokes the aid of Beogh against you.
Beogh smites you!
You die...

#####.## ### #.. ...#
#.# #.# #..###.####
#.# #..#......####
#.# #..#.#.......#
#.###.......#.##.#
####......#.........#
#..).........[#...###
#.#######.#.....@.#
#.# #....#.##o# #.#
####......# #.####.##
#.#.##.# #........
...#.K))# .....#..###
#..#.# ..##.# .......
.....# ...#. ...
..##.# ## ...#..#


You could see an orc priest.

Vanquished Creatures
  A necrophage (D:3)
  An orc wizard (D:3)
  An adder (D:2)
  2 dart slugs (D:1)
  7 orcs
  3 endoplasms
  A giant cockroach (D:1)
  4 hobgoblins
  A quokka (D:1)
  4 ball pythons
  3 bats (D:1)
  2 frilled lizards
  5 goblins
  5 kobolds
  8 rats
48 creatures vanquished.

Notes
Turn   | Place    | Note
-------+----------+-------------------------------------------
     0 | D:1      | cbfl8 the Demonspawn Fighter began the quest for the Orb.
     0 | D:1      | Reached XP level 1. HP: 18/18 MP: 1/1
   175 | D:1      | Gained mutation: A meltable shield of frost defends you.
                  | (SH +4) [demonic ancestry]
   175 | D:1      | Reached XP level 2. HP: 22/24 MP: 2/2
   624 | D:1      | Gained mutation: You sometimes gain a little power by
                  | taking damage. [demonic ancestry]
   624 | D:1      | Reached XP level 3. HP: 24/29 MP: 3/3
  1165 | D:2      | Reached skill level 1 in Evocations
  1227 | D:2      | Found a faded altar of an unknown god.
  1623 | D:3      | Noticed a necrophage
  1695 | D:3      | Reached XP level 4. HP: 33/35 MP: 4/4
  1746 | D:3      | Killed a necrophage
  1747 | D:3      | Gained mutation: Your touch may inflict minor irresistible
                  | damage on your foes. [demonic ancestry]
  1747 | D:3      | Reached XP level 5. HP: 40/41 MP: 5/5
  2246 | D:3      | Killed from afar by an orc priest

Illustrated notes

Levels and vault maps discovered:
D:1:      wander_arrival_chamber, layout_loops_corners,
          minmay_misc_feat_enclosed, grunt_decor_clamped, minmay_vboxes
D:2:      layout_rooms, chequers_ecumenical_altar_simple_redux
D:3:      layout_basic, serial_corexii_hall, chequers_hall_statues_corner_a,
          chequers_hall_statues_wall_a

Skill      XL: |  1  2  3  4 |
---------------+-------------+-----
Axes           | 2 3 |  3.3
Armour         | 3 |  3.2
Shields        | 3 |  3.2
Evocations     | 1 |  1.9
Fighting       | |  3.5

Action                   |  1- 3 |  4- 6 || total
-------------------------+-------+-------++-------
Melee: War axe           |   108 |    42 ||   150
Armor: Scale mail        |    44 |       ||    44
       Chain mail        |     3 |    16 ||    19
Dodge: Dodged            |    32 |    10 ||    42
Block: Buckler           |    42 |    25 ||    67
